[ AOE2 MATCH · #484464140 ]
Team RMBurmese vs Spanish
[ REPLAY ANALYSIS · EXTRACTED FROM THE RECORDED GAME ]
Feudal
9:42
Castle
21:17
Imperial
33:19
| APM avg | 51.6 |
| APM peak | 122 |
| eAPM avg | 32.5 |
| Villagers / military | 129 / 132 |
Focus
⚔️ 43.5% · 🌾 56.5%
Arambai ×112 · Fishing Ship ×16 · Scout Cavalry ×9 · Trebuchet (Packed) ×7 · Demolition Raft ×4
Feudal
11:11
Castle
19:19
Imperial
34:16
| APM avg | 24.8 |
| APM peak | 50 |
| eAPM avg | 12.1 |
| Villagers / military | 118 / 59 |
Focus
⚔️ 23.9% · 🌾 76.1%
Longbowman ×47 · Archer ×9 · Trebuchet (Packed) ×2 · Monk ×1
Feudal
11:26
Castle
16:02
Imperial
34:06
| APM avg | 44.5 |
| APM peak | 82 |
| eAPM avg | 19.0 |
| Villagers / military | 116 / 71 |
Focus
⚔️ 21.2% · 🌾 78.8%
Knight ×57 · Conquistador ×12 · Trebuchet (Packed) ×2
Feudal
9:44
Castle
13:42
Imperial
36:55
| APM avg | 42.7 |
| APM peak | 97 |
| eAPM avg | 26.2 |
| Villagers / military | 152 / 114 |
Focus
⚔️ 38.8% · 🌾 61.2%
Spearman ×51 · Huskarl ×38 · Skirmisher ×17 · Knight ×4 · Battering Ram ×4
Feudal
11:37
Castle
21:17
Imperial
34:59
| APM avg | 43.2 |
| APM peak | 110 |
| eAPM avg | 21.9 |
| Villagers / military | 128 / 139 |
Focus
⚔️ 39.4% · 🌾 60.6%
Spearman ×88 · Scorpion ×42 · Fishing Ship ×18 · Scout Cavalry ×6 · Trebuchet (Packed) ×3
Feudal
13:27
Castle
26:33
Imperial
32:08
| APM avg | 16.2 |
| APM peak | 37 |
| eAPM avg | 9.7 |
| Villagers / military | 83 / 40 |
Focus
⚔️ 18.9% · 🌾 81.1%
Magyar Huszar ×34 · Fishing Ship ×12 · Trebuchet (Packed) ×6 · Trade Cog ×2
Feudal
11:28
Castle
18:06
Imperial
—
| APM avg | 33.4 |
| APM peak | 86 |
| eAPM avg | 16.6 |
| Villagers / military | 66 / 46 |
Focus
⚔️ 29.4% · 🌾 70.6%
Shrivamsha Rider ×20 · Mangonel ×8 · Camel Scout ×8 · Elephant Archer ×5 · Scout Cavalry ×3 · Armored Elephant ×2
Feudal
9:59
Castle
23:19
Imperial
40:49
| APM avg | 40.1 |
| APM peak | 76 |
| eAPM avg | 20.9 |
| Villagers / military | 138 / 138 |
Focus
⚔️ 27.3% · 🌾 72.7%
Skirmisher ×84 · Archer ×32 · Spearman ×6 · Mangonel ×5 · Cataphract ×5 · Trebuchet (Packed) ×4
Match map
Initial resources + every placement click. Lines = walls · curves = elevation contours. ◆ gold · ⬟ stone · ● berries · ✦ relic · ◌ wall gap
Your base· Open — unwalled flank
La Cobra's base· Open — unwalled flank
GOOGLE DRIVE's base· ✓ Closed at 16:02 · 23t walls · fragile
[GdSur] Mate_Amargo's base· Open — unwalled flank
Eric's base· ✓ Closed at 21:17 · 6t walls · 1 gate(s) · fragile
~~'s base· ✓ Closed at 26:33 · 4t walls · fragile
MAYONESA's base· ✓ Closed at 18:06 · 56t walls · 1 gate(s)
mikeymazko's base· ✓ Closed at 23:19 · 9t walls · 1 gate(s) · fragile
Smoothed initial terrain · ◌ = detected wall gap · hover for details
Inputs per minute
— [GDL]* _BAAL_ * - - La Cobra
Build order — [GDL]* _BAAL_ *
First 150 of 349 actions detected
| 0:02 | Create | Villager (Male) |
| 0:02 | Create | Villager (Male) |
| 0:02 | Create | Villager (Male) |
| 0:02 | Create | Villager (Male) |
| 0:02 | Create | Villager (Male) |
| 0:02 | Create | Villager (Male) |
| 0:04 | Build | House |
| 0:05 | Build | House |
| 1:27 | Create | Villager (Male) |
| 1:28 | Create | Villager (Male) |
| 1:51 | Build | Lumber Camp |
| 2:02 | Create | Villager (Male) |
| 2:14 | Build | Mill |
| 2:24 | Create | Villager (Male) |
| 2:25 | Create | Villager (Male) |
| 2:47 | Create | Villager (Male) |
| 2:47 | Create | Villager (Male) |
| 3:00 | Build | House |
| 3:20 | Create | Villager (Male) |
| 3:20 | Create | Villager (Male) |
| 3:36 | Create | Villager (Male) |
| 3:37 | Create | Villager (Male) |
| 3:58 | Create | Villager (Male) |
| 4:23 | Create | Villager (Male) |
| 4:23 | Create | Villager (Male) |
| 4:45 | Create | Villager (Male) |
| 4:45 | Create | Villager (Male) |
| 4:46 | Create | Villager (Male) |
| 4:58 | Build | Mill |
| 5:16 | Build | House |
| 5:22 | Create | Villager (Male) |
| 5:22 | Create | Villager (Male) |
| 6:28 | Create | Villager (Male) |
| 6:38 | Build | Lumber Camp |
| 6:41 | Research | Loom |
| 6:42 | Research | Loom |
| 7:30 | Research | Feudal Age |
| 7:30 | Research | Feudal Age |
| 8:01 | Build | House |
| 9:09 | Build | Barracks |
| 9:42 | Age | Feudal Age |
| 9:46 | Create | Villager (Male) |
| 9:56 | Build | Stable |
| 10:00 | Create | Villager (Male) |
| 10:26 | Create | Villager (Male) |
| 10:32 | Build | Mill |
| 10:34 | Create | Scout Cavalry |
| 10:34 | Create | Scout Cavalry |
| 10:34 | Create | Scout Cavalry |
| 10:41 | Build | House |
| 10:44 | Create | Scout Cavalry |
| 10:48 | Create | Villager (Male) |
| 11:12 | Create | Villager (Male) |
| 11:15 | Build | Farm |
| 11:33 | Build | Farm |
| 11:34 | Create | Villager (Male) |
| 11:41 | Build | House |
| 11:59 | Create | Scout Cavalry |
| 11:59 | Build | Farm |
| 12:15 | Create | Scout Cavalry |
| 12:15 | Create | Villager (Male) |
| 12:33 | Build | Farm |
| 12:36 | Build | Farm |
| 12:43 | Create | Scout Cavalry |
| 12:43 | Create | Scout Cavalry |
| 12:44 | Create | Villager (Male) |
| 12:44 | Create | Villager (Male) |
| 12:52 | Build | Farm |
| 13:13 | Build | Farm |
| 13:15 | Create | Villager (Male) |
| 13:32 | Create | Villager (Male) |
| 13:51 | Create | Villager (Male) |
| 13:52 | Build | Farm |
| 14:03 | Build | Farm |
| 14:21 | Build | Farm |
| 14:27 | Build | Mining Camp |
| 14:38 | Build | Farm |
| 14:44 | Build | House |
| 14:50 | Create | Villager (Male) |
| 15:24 | Create | Scout Cavalry |
| 15:39 | Build | Farm |
| 15:40 | Build | Farm |
| 15:42 | Create | Villager (Male) |
| 15:42 | Create | Villager (Male) |
| 15:47 | Build | House |
| 15:54 | Create | Villager (Male) |
| 16:03 | Build | Dock |
| 16:08 | Create | Villager (Male) |
| 16:23 | Research | Gold Mining |
| 16:23 | Research | Gold Mining |
| 16:43 | Build | House |
| 16:44 | Build | House |
| 17:16 | Build | Mining Camp |
| 17:22 | Create | Villager (Male) |
| 17:24 | Create | Villager (Male) |
| 17:49 | Build | Market |
| 17:52 | Create | Villager (Male) |
| 18:19 | Research | Castle Age |
| 18:19 | Research | Castle Age |
| 18:19 | Research | Castle Age |
| 19:03 | Research | Horse Collar |
| 19:11 | Build | House |
| 19:21 | Build | House |
| 19:43 | Build | Lumber Camp |
| 21:17 | Age | Castle Age |
| 21:37 | Build | Castle |
| 21:39 | Create | Villager (Male) |
| 21:40 | Create | Villager (Male) |
| 21:51 | Create | Demolition Raft |
| 21:51 | Create | Demolition Raft |
| 21:55 | Create | Fishing Ship |
| 21:55 | Create | Fishing Ship |
| 21:55 | Create | Fishing Ship |
| 22:25 | Build | Farm |
| 22:33 | Create | Villager (Male) |
| 22:33 | Create | Villager (Male) |
| 22:39 | Create | Fishing Ship |
| 22:45 | Research | Wheelbarrow |
| 22:45 | Research | Wheelbarrow |
| 23:09 | Build | Farm |
| 23:16 | Build | Town Center |
| 23:59 | Create | Villager (Male) |
| 23:59 | Create | Villager (Male) |
| 24:09 | Create | Villager (Male) |
| 24:12 | Create | Arambai |
| 24:13 | Create | Arambai |
| 24:13 | Create | Arambai |
| 24:21 | Create | Villager (Male) |
| 24:38 | Create | Fishing Ship ×2 |
| 24:38 | Create | Fishing Ship ×2 |
| 24:42 | Create | Villager (Male) |
| 24:43 | Create | Villager (Male) |
| 24:44 | Create | Villager (Male) |
| 24:46 | Create | Arambai |
| 24:46 | Create | Arambai |
| 24:53 | Create | Villager (Male) |
| 25:08 | Build | Town Center |
| 25:11 | Build | Farm |
| 25:14 | Create | Villager (Male) |
| 25:16 | Create | Arambai |
| 25:17 | Create | Arambai |
| 25:33 | Build | Mining Camp |
| 25:42 | Create | Villager (Male) |
| 25:43 | Create | Villager (Male) |
| 25:54 | Create | Demolition Raft |
| 25:54 | Create | Demolition Raft |
| 25:57 | Create | Fishing Ship |
| 25:57 | Create | Fishing Ship |
| 25:59 | Create | Villager (Male) |
| 25:59 | Create | Villager (Male) |
Build order — La Cobra
First 150 of 298 actions detected
| 0:04 | Build | House |
| 0:07 | Build | House |
| 0:08 | Create | Villager (Male) |
| 0:08 | Create | Villager (Male) |
| 0:08 | Create | Villager (Male) |
| 0:08 | Create | Villager (Male) |
| 0:09 | Create | Villager (Male) |
| 0:26 | Build | House |
| 0:33 | Build | House |
| 1:44 | Create | Villager (Male) |
| 1:44 | Create | Villager (Male) |
| 2:05 | Build | Lumber Camp |
| 2:21 | Create | Villager (Male) |
| 2:22 | Create | Villager (Male) |
| 2:23 | Create | Villager (Male) |
| 2:24 | Create | Villager (Male) |
| 2:51 | Create | Villager (Male) |
| 2:51 | Create | Villager (Male) |
| 3:04 | Create | Villager (Male) |
| 3:04 | Create | Villager (Male) |
| 3:30 | Create | Villager (Male) |
| 3:30 | Create | Villager (Male) |
| 3:45 | Build | House |
| 3:57 | Create | Villager (Male) |
| 3:57 | Create | Villager (Male) |
| 4:03 | Create | Villager (Male) |
| 4:04 | Create | Villager (Male) |
| 4:15 | Build | Mill |
| 4:23 | Create | Villager (Male) |
| 4:23 | Create | Villager (Male) |
| 5:25 | Create | Villager (Male) |
| 5:25 | Create | Villager (Male) |
| 5:25 | Create | Villager (Male) |
| 5:26 | Create | Villager (Male) |
| 5:37 | Build | Mill |
| 5:52 | Build | House |
| 5:55 | Create | Villager (Male) |
| 5:55 | Create | Villager (Male) |
| 6:15 | Create | Villager (Male) |
| 6:15 | Create | Villager (Male) |
| 6:37 | Create | Villager (Male) |
| 6:50 | Create | Villager (Male) |
| 6:51 | Create | Villager (Male) |
| 7:06 | Build | Lumber Camp |
| 7:07 | Create | Villager (Male) |
| 7:08 | Create | Villager (Male) |
| 8:02 | Research | Loom |
| 8:45 | Build | Barracks |
| 8:59 | Research | Feudal Age |
| 9:40 | Build | Mining Camp |
| 9:53 | Build | House |
| 10:19 | Build | Palisade Wall |
| 10:33 | Create | Villager (Male) |
| 10:33 | Create | Villager (Male) |
| 10:33 | Create | Villager (Male) |
| 10:34 | Create | Villager (Male) |
| 11:11 | Age | Feudal Age |
| 11:14 | Create | Villager (Male) |
| 11:15 | Create | Villager (Male) |
| 11:15 | Create | Villager (Male) |
| 11:35 | Build | Archery Range |
| 11:37 | Create | Villager (Male) |
| 11:51 | Build | Market |
| 11:55 | Create | Villager (Male) |
| 12:11 | Build | Blacksmith |
| 12:19 | Create | Villager (Male) |
| 12:31 | Create | Villager (Male) |
| 12:37 | Create | Archer |
| 12:37 | Create | Archer |
| 12:45 | Create | Villager (Male) |
| 12:58 | Create | Villager (Male) |
| 13:02 | Build | House |
| 13:23 | Build | Farm |
| 13:29 | Build | Farm |
| 13:30 | Build | Farm |
| 13:31 | Build | Farm |
| 13:41 | Create | Villager (Male) |
| 13:50 | Build | Farm |
| 13:51 | Create | Archer |
| 13:59 | Build | Farm |
| 14:13 | Create | Archer |
| 14:27 | Build | Mining Camp |
| 14:33 | Create | Villager (Male) |
| 14:36 | Build | Farm |
| 14:40 | Build | Farm |
| 14:51 | Build | Farm |
| 14:59 | Create | Villager (Male) |
| 15:07 | Build | House |
| 15:09 | Build | House |
| 15:21 | Build | Farm |
| 16:02 | Build | House |
| 16:10 | Build | Palisade Gate |
| 16:14 | Create | Archer |
| 16:39 | Research | Castle Age |
| 16:42 | Create | Archer |
| 16:45 | Build | Farm |
| 16:58 | Research | Fletching |
| 17:40 | Research | Padded Archer Armor |
| 17:52 | Build | Farm |
| 18:10 | Create | Archer |
| 18:10 | Create | Archer |
| 18:16 | Research | Stone Mining |
| 19:10 | Create | Archer |
| 19:17 | Research | Double-Bit Axe |
| 19:19 | Age | Castle Age |
| 19:20 | Research | Gold Mining |
| 19:28 | Build | Town Center |
| 19:45 | Research | Crossbowman (upgrade) |
| 20:26 | Create | Villager (Male) |
| 20:27 | Create | Villager (Male) |
| 20:27 | Create | Villager (Male) |
| 20:40 | Create | Villager (Male) |
| 20:41 | Create | Villager (Male) |
| 21:19 | Build | Castle |
| 21:29 | Build | Gate |
| 21:34 | Build | Stone Wall |
| 21:47 | Create | Villager (Male) |
| 21:48 | Build | Farm |
| 21:49 | Create | Villager (Male) |
| 21:50 | Create | Villager (Male) |
| 21:53 | Create | Villager (Male) |
| 21:53 | Create | Villager (Male) |
| 21:53 | Create | Villager (Male) |
| 22:11 | Research | Bodkin Arrow |
| 22:25 | Create | Villager (Male) |
| 22:25 | Create | Villager (Male) |
| 23:08 | Build | Farm |
| 23:09 | Create | Villager (Male) |
| 23:43 | Build | Farm |
| 23:48 | Build | Town Center |
| 23:49 | Create | Longbowman |
| 23:49 | Create | Longbowman |
| 23:49 | Create | Longbowman |
| 23:49 | Create | Longbowman |
| 24:35 | Create | Longbowman |
| 24:35 | Create | Longbowman |
| 24:35 | Create | Longbowman |
| 24:41 | Research | Leather Archer Armor |
| 24:43 | Create | Villager (Male) |
| 24:43 | Create | Villager (Male) |
| 24:43 | Create | Villager (Male) |
| 24:46 | Research | Wheelbarrow |
| 25:15 | Create | Longbowman |
| 25:15 | Create | Longbowman |
| 25:15 | Create | Longbowman |
| 25:50 | Build | University |
| 26:06 | Create | Longbowman |
| 26:06 | Create | Longbowman |
| 26:06 | Create | Longbowman |
| 26:06 | Create | Longbowman |
Build order — GOOGLE DRIVE
First 150 of 291 actions detected
| 0:01 | Create | Villager (Male) |
| 0:01 | Create | Villager (Male) |
| 0:02 | Create | Villager (Male) |
| 0:03 | Build | House |
| 0:04 | Build | House |
| 0:05 | Create | Villager (Male) |
| 1:27 | Create | Villager (Male) |
| 1:44 | Build | Lumber Camp |
| 2:00 | Create | Villager (Male) |
| 2:12 | Create | Villager (Male) |
| 2:57 | Create | Villager (Male) |
| 3:17 | Create | Villager (Male) |
| 3:25 | Build | House |
| 3:39 | Build | House |
| 3:51 | Create | Villager (Male) |
| 3:51 | Create | Villager (Male) |
| 4:14 | Build | House |
| 4:48 | Create | Villager (Male) |
| 5:11 | Build | Palisade Wall |
| 5:15 | Research | Loom |
| 5:22 | Build | Mill |
| 5:31 | Build | Palisade Wall |
| 5:46 | Create | Villager (Male) |
| 5:46 | Create | Villager (Male) |
| 5:47 | Create | Villager (Male) |
| 5:47 | Create | Villager (Male) |
| 5:50 | Build | Mill |
| 6:24 | Build | Palisade Wall |
| 6:34 | Create | Villager (Male) |
| 7:06 | Create | Villager (Male) |
| 7:25 | Build | Palisade Wall |
| 7:30 | Create | Villager (Male) |
| 7:31 | Create | Villager (Male) |
| 7:54 | Create | Villager (Male) |
| 8:13 | Build | Palisade Wall |
| 8:25 | Build | Mining Camp |
| 9:16 | Research | Feudal Age |
| 9:25 | Build | House |
| 9:27 | Build | House |
| 9:52 | Build | Barracks |
| 11:26 | Age | Feudal Age |
| 11:28 | Create | Villager (Male) |
| 11:28 | Create | Villager (Male) |
| 11:30 | Create | Villager (Male) |
| 12:03 | Build | Mining Camp |
| 12:38 | Build | Market |
| 12:42 | Build | Blacksmith |
| 13:22 | Research | Castle Age |
| 13:38 | Research | Double-Bit Axe |
| 14:04 | Research | Horse Collar |
| 14:09 | Build | Farm |
| 14:45 | Build | Farm |
| 14:48 | Build | Farm |
| 14:50 | Build | Farm |
| 15:05 | Build | Farm |
| 15:13 | Build | Farm |
| 15:28 | Build | Farm |
| 16:02 | Age | Castle Age |
| 16:32 | Build | Castle |
| 16:37 | Create | Villager (Male) |
| 16:37 | Create | Villager (Male) |
| 16:39 | Create | Villager (Male) |
| 16:41 | Research | Bow Saw |
| 17:11 | Create | Villager (Male) |
| 17:27 | Build | Mining Camp |
| 17:42 | Build | Lumber Camp |
| 17:54 | Create | Villager (Male) |
| 17:56 | Build | Farm |
| 17:57 | Build | Farm |
| 18:13 | Create | Conquistador |
| 18:21 | Build | Farm |
| 18:25 | Build | Lumber Camp |
| 18:27 | Build | Farm |
| 18:36 | Create | Conquistador |
| 18:56 | Create | Villager (Male) |
| 19:08 | Create | Conquistador |
| 19:13 | Build | Farm |
| 19:27 | Build | House |
| 19:28 | Build | House |
| 19:34 | Create | Conquistador |
| 19:42 | Build | Stable |
| 19:48 | Create | Villager (Male) |
| 20:00 | Build | House |
| 20:02 | Create | Villager (Male) |
| 20:15 | Create | Conquistador |
| 20:38 | Build | House |
| 20:43 | Build | Farm |
| 20:44 | Build | Farm |
| 20:46 | Build | Farm |
| 20:46 | Build | Farm |
| 20:48 | Create | Villager (Male) |
| 20:49 | Create | Villager (Male) |
| 21:11 | Build | Farm |
| 21:12 | Build | Farm |
| 21:14 | Build | Farm |
| 21:44 | Create | Conquistador |
| 21:44 | Create | Conquistador |
| 21:44 | Create | Conquistador |
| 21:44 | Create | Conquistador |
| 21:46 | Build | House |
| 21:56 | Create | Villager (Male) |
| 21:59 | Build | Farm |
| 22:02 | Build | Farm |
| 22:30 | Build | Siege Workshop |
| 22:32 | Create | Conquistador |
| 23:02 | Create | Conquistador |
| 23:18 | Create | Villager (Male) |
| 23:18 | Create | Villager (Male) |
| 23:25 | Create | Villager (Male) |
| 23:38 | Build | Town Center |
| 24:09 | Create | Villager (Male) |
| 24:16 | Create | Villager (Male) |
| 24:16 | Create | Villager (Male) |
| 24:36 | Create | Villager (Male) |
| 24:39 | Create | Villager (Male) |
| 24:39 | Create | Villager (Male) |
| 24:40 | Create | Villager (Male) |
| 24:40 | Create | Villager (Male) |
| 24:40 | Create | Villager (Male) |
| 24:44 | Build | Farm |
| 24:44 | Build | Farm |
| 24:44 | Build | Farm |
| 24:44 | Build | Farm |
| 24:45 | Build | Farm |
| 24:50 | Create | Villager (Male) |
| 24:54 | Create | Villager (Male) |
| 25:27 | Create | Villager (Male) |
| 25:27 | Create | Villager (Male) |
| 26:06 | Create | Conquistador |
| 26:13 | Research | Fletching |
| 26:25 | Build | Town Center |
| 26:28 | Create | Villager (Male) |
| 26:31 | Create | Villager (Male) |
| 26:33 | Build | Farm |
| 26:34 | Build | Farm |
| 26:35 | Build | Farm |
| 26:38 | Build | Farm |
| 27:09 | Create | Villager (Male) |
| 27:28 | Research | Bloodlines |
| 27:29 | Research | Husbandry |
| 27:52 | Create | Villager (Male) |
| 27:52 | Create | Villager (Male) |
| 28:03 | Create | Villager (Male) |
| 28:03 | Create | Villager (Male) |
| 28:04 | Create | Villager (Male) |
| 28:04 | Create | Villager (Male) |
| 28:04 | Create | Villager (Male) |
| 28:07 | Build | Farm |
| 28:07 | Build | Farm |
| 28:15 | Research | Wheelbarrow |
Build order — [GdSur] Mate_Amargo
First 150 of 331 actions detected
| 0:02 | Create | Villager (Male) ×4 |
| 0:02 | Create | Villager (Male) ×4 |
| 0:02 | Create | Villager (Male) ×4 |
| 0:03 | Build | House |
| 0:05 | Build | House |
| 1:24 | Create | Villager (Male) |
| 1:41 | Create | Villager (Male) |
| 1:41 | Create | Villager (Male) |
| 1:47 | Build | Lumber Camp |
| 2:15 | Create | Villager (Male) |
| 2:16 | Create | Villager (Male) |
| 2:45 | Create | Villager (Male) |
| 2:45 | Create | Villager (Male) |
| 2:58 | Create | Villager (Male) |
| 3:35 | Create | Villager (Male) |
| 3:35 | Create | Villager (Male) |
| 3:52 | Build | House |
| 3:53 | Build | House |
| 3:57 | Create | Villager (Male) |
| 3:57 | Create | Villager (Male) |
| 4:22 | Create | Villager (Male) |
| 4:23 | Create | Villager (Male) |
| 4:27 | Build | Mill |
| 5:25 | Create | Villager (Male) |
| 5:25 | Create | Villager (Male) |
| 5:25 | Create | Villager (Male) |
| 6:11 | Create | Villager (Male) |
| 6:12 | Create | Villager (Male) |
| 6:40 | Create | Villager (Male) |
| 6:41 | Research | Loom |
| 7:34 | Research | Feudal Age |
| 7:34 | Research | Feudal Age |
| 8:01 | Build | Mining Camp |
| 8:20 | Create | Villager (Male) |
| 9:03 | Create | Villager (Male) |
| 9:44 | Age | Feudal Age |
| 9:58 | Build | Blacksmith |
| 10:00 | Build | Market |
| 10:11 | Build | Farm |
| 11:02 | Research | Castle Age |
| 11:02 | Research | Castle Age |
| 11:24 | Build | Farm |
| 11:24 | Build | Farm |
| 12:01 | Create | Villager (Male) |
| 12:38 | Build | Mining Camp |
| 12:43 | Build | Mining Camp |
| 12:58 | Build | Barracks |
| 13:30 | Research | Stone Mining |
| 13:42 | Age | Castle Age |
| 13:43 | Research | Double-Bit Axe |
| 13:43 | Research | Double-Bit Axe |
| 13:53 | Create | Villager (Male) |
| 14:13 | Create | Villager (Male) |
| 14:17 | Research | Bow Saw |
| 14:36 | Build | House |
| 14:40 | Research | Town Watch |
| 14:54 | Build | Town Center |
| 14:57 | Create | Villager (Male) |
| 15:08 | Create | Villager (Male) |
| 15:16 | Build | Farm |
| 15:26 | Build | Farm |
| 15:33 | Build | Farm |
| 15:45 | Build | Farm |
| 15:46 | Create | Villager (Male) |
| 15:46 | Create | Villager (Male) |
| 16:00 | Build | Farm |
| 16:15 | Create | Villager (Male) |
| 16:15 | Create | Villager (Male) |
| 16:15 | Create | Villager (Male) |
| 16:16 | Create | Villager (Male) |
| 16:32 | Build | Farm |
| 16:34 | Build | Farm |
| 16:35 | Create | Villager (Male) |
| 16:35 | Create | Villager (Male) |
| 16:58 | Build | Lumber Camp |
| 17:05 | Create | Villager (Male) |
| 17:06 | Create | Villager (Male) |
| 17:29 | Build | Archery Range |
| 17:31 | Create | Villager (Male) |
| 17:31 | Create | Villager (Male) |
| 17:31 | Create | Villager (Male) |
| 17:35 | Create | Villager (Male) |
| 17:35 | Create | Villager (Male) |
| 18:07 | Build | House |
| 18:36 | Build | Town Center |
| 18:53 | Create | Villager (Male) |
| 18:53 | Create | Villager (Male) |
| 18:53 | Create | Villager (Male) |
| 18:54 | Create | Villager (Male) |
| 19:07 | Build | Farm |
| 19:36 | Create | Villager (Male) |
| 19:36 | Create | Villager (Male) |
| 19:40 | Build | Farm |
| 19:41 | Build | Farm |
| 19:45 | Create | Villager (Male) |
| 19:45 | Create | Villager (Male) |
| 19:45 | Create | Villager (Male) |
| 19:47 | Build | Farm |
| 19:48 | Build | Farm |
| 19:57 | Build | House |
| 19:59 | Build | House |
| 20:00 | Create | Villager (Male) |
| 20:00 | Create | Villager (Male) |
| 20:37 | Create | Villager (Male) |
| 20:37 | Create | Villager (Male) |
| 20:37 | Create | Villager (Male) |
| 20:37 | Create | Villager (Male) |
| 21:19 | Build | Castle |
| 21:36 | Create | Villager (Male) |
| 21:37 | Create | Villager (Male) |
| 21:52 | Build | Farm |
| 21:53 | Build | Farm |
| 21:57 | Research | Elite Skirmisher (upgrade) |
| 21:57 | Research | Elite Skirmisher (upgrade) |
| 22:05 | Build | Farm |
| 22:06 | Build | Farm |
| 22:26 | Build | House |
| 22:26 | Build | House |
| 22:31 | Build | House |
| 22:33 | Build | House |
| 22:51 | Create | Villager (Male) |
| 22:51 | Create | Villager (Male) |
| 23:06 | Create | Villager (Male) |
| 23:06 | Create | Villager (Male) |
| 23:18 | Build | Stable |
| 23:20 | Create | Villager (Male) |
| 23:20 | Create | Villager (Male) |
| 23:28 | Build | Mining Camp |
| 23:32 | Create | Villager (Male) |
| 23:32 | Create | Villager (Male) |
| 23:47 | Create | Skirmisher |
| 23:47 | Create | Skirmisher |
| 23:48 | Create | Skirmisher |
| 23:48 | Create | Skirmisher |
| 23:48 | Create | Skirmisher |
| 24:03 | Research | Fletching |
| 24:03 | Research | Fletching |
| 24:22 | Build | Farm |
| 24:23 | Build | Farm |
| 24:39 | Create | Knight |
| 24:39 | Create | Knight |
| 24:44 | Create | Villager (Male) |
| 24:45 | Create | Villager (Male) |
| 24:45 | Create | Villager (Male) |
| 24:51 | Build | Farm |
| 24:52 | Build | Farm |
| 24:54 | Build | Farm |
| 24:54 | Build | Farm |
| 25:09 | Create | Knight |
| 25:09 | Create | Knight |
Build order — Eric
First 150 of 469 actions detected
| 0:00 | Create | Villager (Male) |
| 0:01 | Create | Villager (Male) |
| 0:01 | Create | Villager (Male) |
| 0:03 | Build | House |
| 0:04 | Build | House |
| 0:07 | Create | Villager (Male) |
| 1:40 | Create | Villager (Male) |
| 1:40 | Create | Villager (Male) |
| 1:59 | Create | Villager (Male) |
| 1:59 | Create | Villager (Male) |
| 2:06 | Build | Lumber Camp |
| 2:26 | Create | Villager (Male) |
| 2:56 | Create | Villager (Male) |
| 2:57 | Create | Villager (Male) |
| 3:09 | Build | House |
| 3:23 | Create | Villager (Male) |
| 3:23 | Create | Villager (Male) |
| 4:01 | Create | Villager (Male) |
| 4:01 | Create | Villager (Male) |
| 4:28 | Research | Loom |
| 4:32 | Build | Dock |
| 4:38 | Create | Villager (Male) |
| 4:38 | Create | Villager (Male) |
| 5:13 | Create | Villager (Male) |
| 5:13 | Create | Villager (Male) |
| 5:34 | Create | Fishing Ship |
| 5:34 | Create | Fishing Ship |
| 5:45 | Create | Villager (Male) |
| 5:54 | Build | House |
| 6:09 | Create | Fishing Ship |
| 6:10 | Create | Villager (Male) |
| 6:24 | Create | Villager (Male) |
| 6:51 | Create | Villager (Male) |
| 7:08 | Build | Mill |
| 7:21 | Create | Villager (Male) |
| 7:32 | Build | House |
| 7:42 | Create | Villager (Male) |
| 8:16 | Create | Villager (Male) |
| 8:47 | Build | Barracks |
| 8:59 | Build | Palisade Wall |
| 9:22 | Build | Palisade Gate |
| 9:27 | Research | Feudal Age |
| 10:08 | Create | Villager (Male) |
| 10:15 | Build | Lumber Camp |
| 10:24 | Build | House |
| 10:39 | Create | Fishing Ship |
| 11:37 | Age | Feudal Age |
| 11:39 | Build | Stable |
| 11:46 | Build | Palisade Wall |
| 11:46 | Build | Palisade Wall |
| 11:53 | Create | Spearman |
| 11:56 | Create | Spearman |
| 12:10 | Create | Villager (Male) |
| 12:12 | Research | Double-Bit Axe |
| 12:15 | Create | Fishing Ship |
| 12:28 | Create | Villager (Male) |
| 12:31 | Create | Scout Cavalry |
| 12:31 | Create | Scout Cavalry |
| 12:32 | Create | Scout Cavalry |
| 12:33 | Create | Scout Cavalry |
| 12:44 | Build | House |
| 12:49 | Research | Horse Collar |
| 13:00 | Build | Farm |
| 13:01 | Build | Farm |
| 13:02 | Build | Farm |
| 13:03 | Build | Farm |
| 13:04 | Build | Farm |
| 13:04 | Build | Farm |
| 13:05 | Create | Villager (Male) |
| 13:17 | Create | Scout Cavalry |
| 13:46 | Create | Villager (Male) |
| 13:52 | Build | Dock |
| 13:55 | Create | Villager (Male) |
| 13:58 | Build | Farm |
| 13:59 | Build | Farm |
| 14:00 | Create | Villager (Male) |
| 14:02 | Create | Villager (Male) |
| 14:09 | Build | Farm |
| 14:27 | Build | House |
| 14:35 | Build | Lumber Camp |
| 14:59 | Create | Villager (Male) |
| 15:02 | Build | Mining Camp |
| 15:06 | Research | Wheelbarrow |
| 15:22 | Build | House |
| 15:44 | Create | Villager (Male) |
| 15:46 | Create | Spearman |
| 15:46 | Create | Spearman |
| 15:53 | Create | Fishing Ship |
| 15:56 | Research | Tech 906 |
| 16:01 | Build | Farm |
| 16:46 | Create | Villager (Male) |
| 16:57 | Build | Market |
| 17:01 | Create | Scout Cavalry |
| 17:08 | Create | Fishing Ship |
| 17:08 | Create | Fishing Ship |
| 17:08 | Create | Fishing Ship |
| 17:36 | Build | Lumber Camp |
| 17:57 | Create | Fishing Ship |
| 17:59 | Create | Villager (Male) |
| 18:07 | Build | Lumber Camp |
| 18:11 | Research | Town Watch |
| 18:17 | Build | House |
| 18:34 | Research | Castle Age |
| 18:47 | Research | Gold Mining |
| 18:57 | Build | Lumber Camp |
| 19:07 | Build | Fish Trap |
| 19:15 | Create | Spearman |
| 19:16 | Create | Spearman |
| 19:52 | Build | Blacksmith |
| 19:56 | Build | House |
| 19:58 | Build | House |
| 19:58 | Build | House |
| 20:07 | Build | Fish Trap |
| 20:18 | Create | Spearman |
| 20:18 | Create | Spearman |
| 20:33 | Research | Scale Mail Armor |
| 20:35 | Create | Villager (Male) |
| 20:39 | Create | Villager (Male) |
| 21:01 | Build | Fish Trap |
| 21:10 | Create | Fishing Ship |
| 21:11 | Create | Fishing Ship |
| 21:13 | Create | Fishing Ship |
| 21:17 | Age | Castle Age |
| 21:33 | Research | Bow Saw |
| 21:52 | Build | Siege Workshop |
| 21:54 | Research | Pikeman (upgrade) |
| 22:02 | Create | Spearman |
| 22:02 | Create | Spearman |
| 22:03 | Create | Spearman |
| 22:03 | Create | Villager (Male) |
| 22:04 | Create | Villager (Male) |
| 22:04 | Create | Villager (Male) |
| 22:07 | Build | House |
| 22:08 | Build | House |
| 22:26 | Create | Villager (Male) |
| 22:26 | Create | Villager (Male) |
| 22:42 | Build | Town Center |
| 22:49 | Create | Villager (Male) |
| 22:58 | Create | Spearman |
| 22:58 | Create | Spearman |
| 23:07 | Create | Scorpion |
| 23:07 | Create | Scorpion |
| 23:16 | Create | Spearman |
| 23:21 | Create | Villager (Male) |
| 23:22 | Create | Villager (Male) |
| 23:30 | Create | Spearman |
| 23:46 | Build | Barracks |
| 23:48 | Research | Chain Mail Armor |
| 23:48 | Research | Forging |
| 24:01 | Create | Villager (Male) |
Build order — ~~
First 150 of 236 actions detected
| 0:02 | Create | Villager (Male) |
| 0:02 | Create | Villager (Male) |
| 0:02 | Create | Villager (Male) |
| 0:27 | Create | Villager (Male) |
| 1:31 | Build | House |
| 1:35 | Build | House |
| 1:37 | Build | House |
| 1:41 | Build | House |
| 1:59 | Create | Villager (Male) |
| 2:29 | Create | Villager (Male) |
| 3:16 | Create | Villager (Male) |
| 3:16 | Create | Villager (Male) |
| 3:43 | Create | Villager (Male) |
| 4:05 | Create | Villager (Male) |
| 4:19 | Build | Lumber Camp |
| 4:45 | Research | Loom |
| 5:03 | Create | Villager (Male) |
| 5:30 | Create | Villager (Male) |
| 6:10 | Create | Villager (Male) |
| 6:11 | Create | Villager (Male) |
| 6:24 | Build | Mill |
| 6:50 | Create | Villager (Male) |
| 7:11 | Create | Villager (Male) |
| 8:10 | Create | Villager (Male) |
| 8:21 | Build | House |
| 8:22 | Build | House |
| 8:23 | Build | House |
| 8:55 | Create | Villager (Male) |
| 8:55 | Create | Villager (Male) |
| 9:33 | Build | Mining Camp |
| 9:56 | Create | Villager (Male) |
| 10:18 | Create | Villager (Male) |
| 10:52 | Research | Loom |
| 11:05 | Research | Feudal Age |
| 11:56 | Build | Barracks |
| 13:27 | Age | Feudal Age |
| 13:52 | Build | Stone Wall |
| 13:58 | Create | Villager (Male) |
| 13:58 | Create | Villager (Male) |
| 13:59 | Create | Villager (Male) |
| 13:59 | Create | Villager (Male) |
| 14:19 | Build | Mining Camp |
| 14:24 | Research | Wheelbarrow |
| 14:31 | Research | Double-Bit Axe |
| 14:53 | Build | Mining Camp |
| 15:01 | Build | Farm |
| 15:04 | Research | Horse Collar |
| 15:07 | Build | Farm |
| 15:45 | Build | Farm |
| 16:49 | Create | Villager (Male) |
| 16:59 | Build | Market |
| 17:05 | Create | Villager (Male) |
| 17:32 | Build | Lumber Camp |
| 17:58 | Create | Villager (Male) |
| 17:58 | Create | Villager (Male) |
| 18:12 | Build | Farm |
| 18:14 | Build | Farm |
| 18:23 | Build | Farm |
| 18:26 | Build | Farm |
| 18:51 | Build | Farm |
| 18:56 | Create | Villager (Male) |
| 19:06 | Build | Farm |
| 19:07 | Build | Farm |
| 19:07 | Build | Farm |
| 19:08 | Build | Farm |
| 19:18 | Create | Villager (Male) |
| 19:25 | Build | Farm |
| 19:50 | Build | Farm |
| 19:53 | Create | Villager (Male) |
| 20:30 | Create | Villager (Male) |
| 20:30 | Create | Villager (Male) |
| 21:05 | Build | Dock |
| 21:14 | Build | Dock |
| 21:20 | Create | Villager (Male) |
| 21:30 | Build | Farm |
| 21:30 | Build | Farm |
| 22:21 | Create | Villager (Male) |
| 22:27 | Create | Fishing Ship |
| 22:28 | Create | Fishing Ship |
| 22:49 | Create | Villager (Male) |
| 22:59 | Build | House |
| 23:01 | Build | House |
| 23:03 | Build | House |
| 23:20 | Build | Blacksmith |
| 23:31 | Create | Fishing Ship |
| 23:31 | Create | Fishing Ship |
| 23:47 | Build | Dock |
| 23:53 | Research | Castle Age |
| 24:09 | Research | Gold Mining |
| 24:12 | Research | Stone Mining |
| 24:53 | Build | Lumber Camp |
| 24:56 | Create | Fishing Ship |
| 24:56 | Create | Fishing Ship |
| 25:15 | Create | Villager (Male) |
| 25:34 | Research | Tech 906 |
| 26:22 | Build | Lumber Camp |
| 26:33 | Age | Castle Age |
| 26:35 | Create | Villager (Male) |
| 26:35 | Create | Villager (Male) |
| 27:02 | Build | Castle |
| 27:16 | Create | Villager (Male) |
| 27:16 | Create | Villager (Male) |
| 27:17 | Create | Villager (Male) |
| 27:17 | Create | Villager (Male) |
| 27:47 | Build | Town Center |
| 28:00 | Research | Scale Barding Armor |
| 28:08 | Research | Heavy Plow |
| 28:32 | Research | Bow Saw |
| 28:47 | Create | Magyar Huszar ×5 |
| 28:58 | Research | Imperial Age |
| 29:16 | Research | Chain Barding Armor |
| 29:20 | Create | Villager (Male) |
| 29:21 | Create | Villager (Male) |
| 29:21 | Create | Villager (Male) |
| 29:23 | Create | Villager (Male) |
| 29:57 | Create | Magyar Huszar |
| 29:57 | Create | Magyar Huszar |
| 30:02 | Create | Villager (Male) |
| 30:03 | Create | Magyar Huszar |
| 30:04 | Create | Magyar Huszar |
| 30:20 | Build | Town Center |
| 30:44 | Create | Fishing Ship |
| 30:45 | Create | Fishing Ship |
| 31:08 | Build | Stable |
| 31:14 | Create | Villager (Male) |
| 31:14 | Create | Villager (Male) |
| 31:15 | Create | Villager (Male) |
| 31:20 | Create | Magyar Huszar |
| 31:21 | Create | Magyar Huszar |
| 31:21 | Create | Magyar Huszar |
| 31:50 | Create | Trade Cog |
| 31:50 | Create | Trade Cog |
| 31:58 | Create | Villager (Male) |
| 31:58 | Create | Villager (Male) |
| 32:07 | Create | Magyar Huszar |
| 32:07 | Create | Magyar Huszar |
| 32:08 | Age | Imperial Age |
| 32:10 | Research | Plate Barding Armor |
| 32:15 | Create | Villager (Male) |
| 32:16 | Create | Villager (Male) |
| 32:16 | Create | Villager (Male) |
| 32:24 | Research | Two-Man Saw |
| 32:44 | Research | Husbandry |
| 33:20 | Research | Bloodlines |
| 35:20 | Create | Villager (Male) |
| 35:20 | Create | Villager (Male) |
| 35:22 | Create | Villager (Male) |
| 35:22 | Create | Villager (Male) |
| 35:23 | Create | Villager (Male) |
| 35:29 | Create | Trebuchet (Packed) |
Build order — MAYONESA
First 150 of 211 actions detected
| 0:03 | Build | House |
| 0:04 | Build | House |
| 0:04 | Create | Villager (Male) |
| 0:05 | Create | Villager (Male) |
| 0:05 | Create | Villager (Male) |
| 0:05 | Create | Villager (Male) |
| 0:44 | Build | Mill |
| 1:02 | Build | Mill |
| 1:35 | Create | Villager (Male) |
| 2:15 | Create | Villager (Male) |
| 2:15 | Create | Villager (Male) |
| 2:48 | Create | Villager (Male) |
| 2:49 | Create | Villager (Male) |
| 2:49 | Create | Villager (Male) |
| 3:18 | Create | Villager (Male) |
| 3:18 | Create | Villager (Male) |
| 3:34 | Create | Villager (Male) |
| 3:34 | Create | Villager (Male) |
| 4:11 | Create | Villager (Male) |
| 4:11 | Create | Villager (Male) |
| 4:49 | Build | Mill |
| 4:56 | Research | Loom |
| 5:06 | Build | House |
| 5:08 | Create | Villager (Male) |
| 5:46 | Build | Palisade Wall |
| 5:55 | Create | Villager (Male) |
| 5:56 | Create | Villager (Male) |
| 6:15 | Build | Palisade Wall |
| 6:35 | Build | Lumber Camp |
| 6:46 | Create | Villager (Male) |
| 6:46 | Create | Villager (Male) |
| 7:13 | Build | Palisade Wall |
| 7:32 | Build | House |
| 7:38 | Create | Villager (Male) |
| 8:05 | Build | Palisade Wall |
| 8:12 | Build | Palisade Wall |
| 8:14 | Create | Villager (Male) |
| 8:27 | Build | Palisade Wall |
| 8:37 | Build | Barracks |
| 8:46 | Create | Villager (Male) |
| 8:56 | Build | House |
| 8:57 | Build | Palisade Wall |
| 9:18 | Research | Feudal Age |
| 9:18 | Research | Feudal Age |
| 9:31 | Build | Palisade Wall |
| 9:42 | Build | House |
| 10:16 | Build | Palisade Wall |
| 10:20 | Build | Palisade Wall |
| 10:28 | Build | Palisade Wall |
| 10:52 | Build | Palisade Wall |
| 11:03 | Build | Mining Camp |
| 11:28 | Age | Feudal Age |
| 11:34 | Build | Blacksmith |
| 11:49 | Build | Palisade Gate |
| 12:06 | Create | Villager (Male) |
| 12:31 | Build | Stable |
| 12:44 | Create | Villager (Male) |
| 13:38 | Build | Market |
| 13:58 | Build | House |
| 14:43 | Build | Farm |
| 14:44 | Build | Farm |
| 15:26 | Research | Castle Age |
| 15:26 | Research | Castle Age |
| 15:26 | Research | Castle Age |
| 15:45 | Build | Stable |
| 16:16 | Build | Watch Tower |
| 16:46 | Research | Forging |
| 18:00 | Build | Palisade Wall |
| 18:01 | Build | Palisade Wall |
| 18:06 | Age | Castle Age |
| 18:08 | Research | Bloodlines |
| 18:38 | Create | Shrivamsha Rider |
| 18:38 | Create | Shrivamsha Rider |
| 18:54 | Create | Villager (Male) |
| 18:54 | Create | Villager (Male) |
| 18:59 | Build | Farm |
| 19:00 | Build | Farm |
| 19:17 | Create | Shrivamsha Rider |
| 19:17 | Create | Shrivamsha Rider |
| 19:24 | Create | Villager (Male) |
| 19:24 | Create | Villager (Male) |
| 19:25 | Create | Villager (Male) |
| 19:41 | Build | Stone Wall |
| 19:44 | Create | Shrivamsha Rider |
| 19:44 | Create | Shrivamsha Rider |
| 19:45 | Create | Shrivamsha Rider |
| 20:04 | Create | Shrivamsha Rider |
| 20:04 | Create | Shrivamsha Rider |
| 20:11 | Create | Shrivamsha Rider |
| 20:12 | Create | Shrivamsha Rider |
| 21:38 | Research | Scale Barding Armor |
| 21:41 | Create | Scout Cavalry |
| 21:41 | Create | Scout Cavalry |
| 21:41 | Create | Scout Cavalry |
| 21:47 | Create | Shrivamsha Rider |
| 21:47 | Create | Shrivamsha Rider |
| 21:48 | Create | Shrivamsha Rider |
| 22:01 | Build | Gate |
| 22:03 | Create | Villager (Male) |
| 22:03 | Create | Villager (Male) |
| 22:25 | Create | Shrivamsha Rider |
| 22:25 | Create | Shrivamsha Rider |
| 22:49 | Build | House |
| 23:01 | Create | Shrivamsha Rider |
| 23:09 | Create | Villager (Male) |
| 23:10 | Build | House |
| 23:13 | Build | Town Center |
| 23:32 | Create | Shrivamsha Rider |
| 23:32 | Create | Shrivamsha Rider |
| 23:33 | Create | Shrivamsha Rider |
| 23:46 | Create | Villager (Male) |
| 23:47 | Create | Villager (Male) |
| 24:37 | Build | Siege Workshop |
| 24:48 | Create | Villager (Male) |
| 24:48 | Create | Villager (Male) |
| 24:54 | Research | Double-Bit Axe |
| 24:56 | Research | Gold Mining |
| 24:57 | Create | Villager (Male) |
| 24:58 | Create | Villager (Male) |
| 25:30 | Build | Stone Wall |
| 26:04 | Create | Mangonel |
| 26:07 | Build | Siege Workshop |
| 26:13 | Create | Villager (Male) |
| 26:13 | Create | Villager (Male) |
| 26:18 | Create | Villager (Male) |
| 26:18 | Create | Villager (Male) |
| 27:06 | Create | Mangonel |
| 27:06 | Create | Mangonel |
| 27:12 | Create | Villager (Male) |
| 27:12 | Create | Villager (Male) |
| 27:54 | Create | Villager (Male) |
| 28:18 | Create | Mangonel |
| 28:50 | Create | Mangonel |
| 29:09 | Create | Villager (Male) |
| 29:10 | Create | Villager (Male) |
| 29:10 | Create | Villager (Male) |
| 29:38 | Create | Mangonel |
| 29:43 | Create | Mangonel |
| 29:43 | Create | Mangonel |
| 30:28 | Build | Archery Range |
| 31:03 | Create | Villager (Male) |
| 31:03 | Create | Villager (Male) |
| 31:03 | Create | Villager (Male) |
| 31:05 | Build | Farm |
| 31:06 | Build | Farm |
| 31:07 | Build | Farm |
| 31:07 | Build | Farm |
| 31:07 | Build | Farm |
| 31:08 | Build | Farm |
| 31:46 | Create | Armored Elephant |
Build order — mikeymazko
First 150 of 349 actions detected
| 0:02 | Create | Villager (Male) |
| 0:02 | Create | Villager (Male) |
| 0:02 | Create | Villager (Male) |
| 0:02 | Create | Villager (Male) |
| 0:05 | Build | House |
| 0:06 | Build | House |
| 1:28 | Create | Villager (Male) |
| 1:59 | Create | Villager (Male) |
| 2:19 | Create | Villager (Male) |
| 2:54 | Create | Villager (Male) |
| 2:54 | Create | Villager (Male) |
| 3:18 | Build | Lumber Camp |
| 3:50 | Build | House |
| 3:58 | Create | Villager (Male) |
| 3:58 | Create | Villager (Male) |
| 4:24 | Create | Villager (Male) |
| 4:37 | Create | Villager (Male) |
| 4:57 | Build | Mill |
| 5:32 | Create | Villager (Male) |
| 6:27 | Create | Villager (Male) |
| 6:28 | Create | Villager (Male) |
| 6:53 | Research | Loom |
| 7:49 | Research | Feudal Age |
| 8:03 | Build | Lumber Camp |
| 8:22 | Create | Villager (Male) |
| 8:31 | Build | House |
| 9:03 | Build | Barracks |
| 9:11 | Create | Villager (Male) |
| 9:19 | Build | Palisade Wall |
| 9:36 | Create | Villager (Male) |
| 9:46 | Build | Palisade Wall |
| 9:57 | Create | Villager (Male) |
| 9:59 | Age | Feudal Age |
| 10:16 | Build | Archery Range |
| 10:33 | Build | House |
| 10:37 | Create | Villager (Male) |
| 10:43 | Research | Double-Bit Axe |
| 10:58 | Build | Mining Camp |
| 11:01 | Create | Villager (Male) |
| 11:09 | Create | Archer |
| 11:13 | Build | House |
| 11:15 | Build | Palisade Wall |
| 11:17 | Create | Villager (Male) |
| 11:48 | Build | Archery Range |
| 11:58 | Create | Villager (Male) |
| 12:07 | Create | Villager (Male) |
| 12:13 | Build | Mill |
| 12:26 | Create | Archer |
| 12:35 | Create | Spearman |
| 12:50 | Create | Archer |
| 13:01 | Create | Villager (Male) |
| 13:14 | Build | Blacksmith |
| 13:19 | Create | Archer |
| 13:21 | Create | Spearman |
| 13:35 | Create | Villager (Male) |
| 13:43 | Create | Archer |
| 14:01 | Build | House |
| 14:02 | Build | House |
| 14:20 | Create | Archer |
| 14:21 | Create | Archer |
| 14:28 | Create | Villager (Male) |
| 14:36 | Build | House |
| 14:37 | Build | House |
| 14:38 | Build | House |
| 14:42 | Create | Archer |
| 15:04 | Research | Fletching |
| 15:34 | Create | Archer |
| 15:34 | Create | Archer |
| 15:36 | Create | Villager (Male) |
| 15:37 | Create | Villager (Male) |
| 15:42 | Build | Palisade Gate |
| 15:45 | Build | House |
| 16:07 | Create | Villager (Male) |
| 16:07 | Create | Villager (Male) |
| 16:19 | Create | Archer |
| 16:20 | Create | Archer |
| 16:51 | Build | House |
| 16:54 | Create | Archer |
| 16:54 | Create | Archer |
| 16:57 | Create | Villager (Male) |
| 16:57 | Create | Villager (Male) |
| 17:01 | Build | Farm |
| 17:25 | Create | Archer |
| 17:26 | Create | Archer |
| 17:30 | Build | Farm |
| 17:32 | Build | Farm |
| 17:32 | Build | Farm |
| 17:32 | Build | Farm |
| 17:32 | Build | Farm |
| 17:32 | Build | Farm |
| 17:39 | Build | Farm |
| 17:45 | Build | Farm |
| 17:46 | Build | Farm |
| 17:51 | Build | Farm |
| 17:53 | Build | Farm |
| 18:14 | Build | Farm |
| 18:45 | Build | Farm |
| 18:52 | Build | Farm |
| 18:53 | Create | Villager (Male) |
| 18:54 | Create | Villager (Male) |
| 19:15 | Build | Farm |
| 19:16 | Create | Villager (Male) |
| 19:20 | Create | Archer |
| 19:21 | Create | Archer |
| 19:23 | Create | Archer |
| 19:24 | Create | Archer |
| 20:10 | Build | Farm |
| 20:13 | Build | Farm |
| 20:26 | Build | Lumber Camp |
| 20:39 | Research | Castle Age |
| 20:44 | Create | Archer |
| 21:05 | Research | Horse Collar |
| 21:11 | Create | Archer |
| 21:12 | Create | Archer |
| 21:28 | Build | House |
| 21:38 | Create | Spearman |
| 21:39 | Create | Spearman |
| 21:39 | Create | Spearman |
| 21:53 | Create | Archer |
| 22:17 | Research | Gold Mining |
| 22:18 | Create | Villager (Male) |
| 22:19 | Create | Villager (Male) |
| 22:25 | Research | Wheelbarrow |
| 22:54 | Create | Archer |
| 22:54 | Create | Archer |
| 22:55 | Create | Archer |
| 22:55 | Create | Archer |
| 23:19 | Age | Castle Age |
| 23:25 | Research | Crossbowman (upgrade) |
| 23:29 | Research | Bodkin Arrow |
| 23:31 | Research | Padded Archer Armor |
| 23:34 | Research | Bow Saw |
| 23:41 | Build | Town Center |
| 23:47 | Build | House |
| 23:49 | Build | House |
| 23:52 | Build | House |
| 24:49 | Research | Leather Archer Armor |
| 24:54 | Create | Villager (Male) |
| 24:55 | Create | Villager (Male) |
| 24:55 | Create | Villager (Male) |
| 24:55 | Create | Villager (Male) |
| 25:02 | Create | Villager (Male) |
| 25:02 | Create | Villager (Male) |
| 25:02 | Create | Villager (Male) |
| 25:13 | Build | Siege Workshop |
| 25:33 | Build | House |
| 25:38 | Create | Villager (Male) |
| 25:39 | Create | Villager (Male) |
| 25:39 | Create | Villager (Male) |
| 25:39 | Create | Villager (Male) |
Match timeline
| 4:32 | Eric · first_building Dock |
| 5:11 | GOOGLE DRIVE · wall_segment Palisade Wall x1 |
| 5:31 | GOOGLE DRIVE · wall_segment Palisade Wall x7 |
| 5:46 | MAYONESA · wall_segment Palisade Wall x5 |
| 6:15 | MAYONESA · wall_segment Palisade Wall x7 |
| 6:24 | GOOGLE DRIVE · wall_segment Palisade Wall x5 |
| 7:13 | MAYONESA · wall_segment Palisade Wall x3 |
| 7:25 | GOOGLE DRIVE · wall_segment Palisade Wall x5 |
| 8:05 | MAYONESA · wall_segment Palisade Wall x4 |
| 8:12 | MAYONESA · wall_segment Palisade Wall x7 |
| 8:13 | GOOGLE DRIVE · wall_segment Palisade Wall x5 |
| 8:27 | MAYONESA · wall_segment Palisade Wall x10 |
| 8:37 | MAYONESA · first_building Barracks |
| 8:45 | La Cobra · first_building Barracks |
| 8:47 | Eric · first_building Barracks |
| 8:57 | MAYONESA · wall_segment Palisade Wall x5 |
| 8:59 | Eric · wall_segment Palisade Wall x5 |
| 9:03 | mikeymazko · first_building Barracks |
| 9:09 | [GDL]* _BAAL_ * · first_building Barracks |
| 9:19 | mikeymazko · wall_segment Palisade Wall x2 |
| 9:31 | MAYONESA · wall_segment Palisade Wall x4 |
| 9:42 | [GDL]* _BAAL_ * · age_up feudal |
| 9:44 | [GdSur] Mate_Amargo · age_up feudal |
| 9:46 | mikeymazko · wall_segment Palisade Wall x6 |
| 9:52 | GOOGLE DRIVE · first_building Barracks |
| 9:56 | [GDL]* _BAAL_ * · first_building Stable |
| 9:59 | mikeymazko · age_up feudal |
| 10:16 | mikeymazko · first_building Archery Range |
| 10:16 | MAYONESA · wall_segment Palisade Wall x2 |
| 10:19 | La Cobra · wall_segment Palisade Wall x8 |
| 10:20 | MAYONESA · wall_segment Palisade Wall x1 |
| 10:28 | MAYONESA · wall_segment Palisade Wall x3 |
| 10:52 | [GdSur] Mate_Amargo · first_market_sell 500 stone |
| 10:52 | MAYONESA · wall_segment Palisade Wall x3 |
| 10:54 | [GdSur] Mate_Amargo · first_market_buy 100 food |
| 11:11 | La Cobra · age_up feudal |
| 11:15 | mikeymazko · wall_segment Palisade Wall x1 |
| 11:26 | GOOGLE DRIVE · age_up feudal |
| 11:28 | MAYONESA · age_up feudal |
| 11:35 | La Cobra · first_building Archery Range |
| 11:37 | Eric · age_up feudal |
| 11:39 | Eric · first_building Stable |
| 11:46 | Eric · wall_segment Palisade Wall x1 |
| 11:46 | Eric · wall_segment Palisade Wall x1 |
| 11:56 | ~~ · first_building Barracks |
| 12:31 | MAYONESA · first_building Stable |
| 12:58 | [GdSur] Mate_Amargo · first_building Barracks |
| 13:27 | ~~ · age_up feudal |
| 13:42 | [GdSur] Mate_Amargo · age_up castle |
| 13:52 | ~~ · wall_segment Stone Wall x4 |
| 14:22 | La Cobra · first_market_buy 100 wood |
| 15:39 | GOOGLE DRIVE · first_market_buy 100 stone |
| 16:02 | GOOGLE DRIVE · age_up castle |
| 16:03 | [GDL]* _BAAL_ * · first_building Dock |
| 16:32 | GOOGLE DRIVE · first_building Castle |
| 17:29 | [GdSur] Mate_Amargo · first_building Archery Range |
| 18:00 | MAYONESA · wall_segment Palisade Wall x1 |
| 18:01 | MAYONESA · wall_segment Palisade Wall x1 |
| 18:06 | MAYONESA · age_up castle |
| 18:42 | [GDL]* _BAAL_ * · first_market_sell 100 food |
| 18:44 | [GDL]* _BAAL_ * · first_market_buy 100 wood |
| 19:12 | MAYONESA · first_market_sell 100 wood |
| 19:13 | MAYONESA · first_market_buy 100 food |
| 19:19 | La Cobra · age_up castle |
| 19:41 | MAYONESA · wall_segment Stone Wall x1 |
| 19:42 | GOOGLE DRIVE · first_building Stable |
| 21:05 | ~~ · first_building Dock |
| 21:17 | Eric · age_up castle |
| 21:17 | [GDL]* _BAAL_ * · age_up castle |
| 21:19 | [GdSur] Mate_Amargo · first_building Castle |
| 21:19 | La Cobra · first_building Castle |
| 21:34 | La Cobra · wall_segment Stone Wall x2 |
| 21:37 | [GDL]* _BAAL_ * · first_building Castle |
| 21:41 | Eric · first_market_buy 100 wood |
| 21:52 | Eric · first_building Siege Workshop |
| 22:30 | GOOGLE DRIVE · first_building Siege Workshop |
| 23:18 | [GdSur] Mate_Amargo · first_building Stable |
| 23:19 | mikeymazko · age_up castle |
| 23:27 | GOOGLE DRIVE · first_market_sell 100 food |
| 24:37 | MAYONESA · first_building Siege Workshop |
| 24:41 | Eric · wall_segment Palisade Wall x1 |
| 24:43 | Eric · wall_segment Palisade Wall x2 |
| 25:13 | mikeymazko · first_building Siege Workshop |
| 25:30 | MAYONESA · wall_segment Stone Wall x1 |
| 26:33 | ~~ · age_up castle |
| 26:53 | La Cobra · first_market_sell 100 food |
| 27:02 | ~~ · first_building Castle |
| 29:31 | [GdSur] Mate_Amargo · first_building Siege Workshop |
| 30:11 | La Cobra · first_building Monastery |
| 30:28 | MAYONESA · first_building Archery Range |
| 31:08 | ~~ · first_building Stable |
| 31:29 | Eric · first_building Castle |
| 32:08 | ~~ · age_up imperial |
| 32:24 | [GDL]* _BAAL_ * · first_building Archery Range |
| 33:19 | [GDL]* _BAAL_ * · age_up imperial |
| 34:06 | GOOGLE DRIVE · age_up imperial |
| 34:16 | La Cobra · age_up imperial |
| 34:22 | MAYONESA · wall_segment Stone Wall x1 |
| 34:33 | MAYONESA · wall_segment Palisade Wall x1 |
| 34:36 | MAYONESA · wall_segment Palisade Wall x1 |
| 34:42 | MAYONESA · wall_segment Palisade Wall x1 |
| 34:59 | Eric · age_up imperial |
| 36:33 | mikeymazko · first_building Castle |
| 36:55 | [GdSur] Mate_Amargo · age_up imperial |
| 37:49 | [GDL]* _BAAL_ * · first_building Monastery |
| 38:52 | ~~ · first_building Monastery |
| 40:49 | mikeymazko · age_up imperial |
| 40:53 | La Cobra · first_building Stable |
| 41:47 | MAYONESA · first_building Dock |
| 42:32 | [GDL]* _BAAL_ * · resign |
[ AI ANALYSIS · 1 CREDIT ]
What really happened in this match?
Wolo.gg analyzes every decision: build order, eco, micro, common mistakes by bracket. Personalized analysis on WhatsApp or Discord in 30 seconds.
Civ guide
Burmese
Map guide
MegaRandom
Perfil
[GDL]* _BAAL_ *